 Dungeon Crawl Stone Soup version 0.31-a0-836-g3ceb0a68c4 (webtiles) character file.

Game seed: 8434736028506003446

158 CryptoCactus the Ruffian (level 5, 0/50 HPs)
             Began as a Troll Berserker on Sept 26, 2023.
             Was a Believer of Trog.
             Succumbed to an orc wizard's poison
             ... on level 3 of the Dungeon.
             The game lasted 00:06:06 (2128 turns).

CryptoCactus the Ruffian (Troll Berserker)          Turns: 2128, Time: 00:06:06

Health: 0/50       AC:  5    Str: 25    XL:     5   Next: 16%
Magic:  4/4        EV: 10    Int:  5    God:    Trog [**....]
Gold:   116        SH:  0    Dex:  9    Spells: 4/4 levels left

rFire   . .          .
                       - Unarmed
rCold   . . .        (no shield)
rNeg    . . .        a - +0 animal skin
rPois   .            (helmet restricted)
rElec   .            j - +0 cloak
rCorr   .            (gloves unavailable)
SInv    .            (boots unavailable)
Will    .....        (no amulet)
Stlth   +            (no ring)
HPRegen 1.08/turn    (no ring)
MPRegen 0.09/turn

%: no passive effects
@: lethally poisoned (0 -> -10), on berserk cooldown, slowed, very slow
A: large, unfitting armour, claws 3, regeneration 1, shaggy fur 1, tough skin 1
a: Renounce Religion, Berserk, Trog's Hand


You were on level 3 of the Dungeon.
You worshipped Trog.
Trog was pleased with you.
You visited 1 branch of the dungeon, and saw 3 of its levels.

You collected 116 gold pieces.

Inventory:

Armour
 a - a +0 animal skin (worn)
 j - a +0 cloak (worn)
Wands
 c - a wand of light (15)
Scrolls
 b - a scroll of vulnerability {unknown}
 e - 3 scrolls of teleportation
 f - a scroll of torment {unknown}
 g - a scroll of enchant weapon {unknown}
 m - a scroll of blinking {unknown}
Potions
 l - a potion of brilliance {unknown}
 n - a potion of curing {unknown}


   Skills:
 - Level 2.4 Fighting
 - Level 2.4 Dodging
 * Level 5.9 Unarmed Combat


You had 4 spell levels left.
You didn't know any spells.
Your spell library was empty.

Dungeon Overview and Level Annotations

Branches:
Dungeon (3/15)

Altars:

Shops:
D:1 [:?=

Annotations:
D:3 1 runed translucent door, Crazy Yiuf


Innate Abilities, Weirdness & Mutations

You are too large for most types of armour.
You have claws for hands.
Your natural rate of healing is unusually fast.
You are covered in fur. (AC +1)
You have tough skin. (AC +1)


Message History

The puff of flame hits you.
* * * LOW HITPOINT WARNING * * *
It was a potion of heal wounds.
You feel much better.
You feel very sick.
You hear some strange, mumbled words.
A magic dart appears from out of thin air!
The magic dart hits you!
You feel very sick. Something hits you but does no damage.
You are lethally poisoned!
It was a potion of berserk rage.
A red film seems to cover your vision as you go berserk!
You feel yourself moving faster!
You feel mighty!
You feel very sick. Something hits you.
* * * LOW HITPOINT WARNING * * *
You are lethally poisoned!
You are too berserk!
You mangle something!! Trog accepts your kill.
Trog appreciates your killing of a magic user.
Reactivating autopickup.
You feel a bit more experienced.
* * * LOW HITPOINT WARNING * * *
You feel very sick.
You have reached level 5!
* * * LOW HITPOINT WARNING * * *
You feel very sick.
Things that are here:
a +1 dagger of venom; a +0 robe You feel a strong urge to attack something.
* * * LOW HITPOINT WARNING * * *
You feel very sick.
* * * LOW HITPOINT WARNING * * *
You feel sick.
You are too berserk!
You feel your anger nearly subside.
You are no longer berserk.
You are exhausted.
You feel yourself slow down.
You die...

###############........#
#...## #........#
.....## #........#
......# #........#
......# #........#
......# ###(######
.....## #######<.#
#...## #.....#.## ###.##
#.###.#@# #..# #.# #.#.#
##.# #)# #.#.# #.# #.#
#.).# #.## #.# ##[.#
####..####.# #..#
...##.>.##.# ##.#
...####.#..# ##..# ...#
#.#.## #...#


There were no monsters in sight!

Vanquished Creatures
  Ijyb (D:3)
  2 orc wizards (D:3)
  Robin (D:3)
  An adder (D:2)
  A worm (D:2)
  A dart slug (D:3)
  4 orcs
  2 ball pythons
  4 endoplasms
  2 giant cockroaches (D:1)
  8 goblins (D:3)
  6 hobgoblins
  A quokka (D:2)
  3 bats
  11 frilled lizards
  4 kobolds
  7 rats
59 creatures vanquished.

Notes
Turn   | Place    | Note
-------+----------+-------------------------------------------
     0 | D:1      | CryptoCactus the Troll Berserker began the quest for the
                  | Orb.
     0 | D:1      | Reached XP level 1. HP: 22/22 MP: 0/0
     3 | D:1      | Noticed an electric eel
     4 | D:1      | Noticed an electric eel
   101 | D:1      | Found Emolaetog's Magic Scroll Shoppe.
   175 | D:1      | Found Caycupy's Book Shoppe.
   229 | D:1      | Reached XP level 2. HP: 29/29 MP: 1/1
   251 | D:1      | Found Qiuqexag's Jewellery Boutique.
   305 | D:1      | Found a faded altar of an unknown god.
   488 | D:1      | Found Qiso's Armour Boutique.
   554 | D:1      | Reached skill level 4 in Unarmed Combat
   763 | D:2      | Reached ** piety under Trog
   928 | D:2      | Reached XP level 3. HP: 36/36 MP: 2/2
  1333 | D:2      | Identified the +3 buckler "Numuon" {-Tele Int+4 Dex+3}
  1558 | D:3      | Noticed Ijyb
  1646 | D:3      | Killed Ijyb
  1647 | D:3      | Reached skill level 5 in Unarmed Combat
  1647 | D:3      | Reached XP level 4. HP: 12/44 MP: 3/3
  1707 | D:3      | Noticed Robin
  1718 | D:3      | Killed Robin
  1961 | D:3      | Found a runed translucent door.
  1962 | D:3      | Noticed Crazy Yiuf
  2125 | D:3      | Reached XP level 5. HP: 11/50 MP: 4/4
  2127 | D:3      | HP: 3/75 [poisoned by an orc wizard]
  2128 | D:3      | Succumbed to an orc wizard's poison

Illustrated notes

Levels and vault maps discovered:
D:1:      arrival_aquarium_b, layout_rooms, ebering_ecumenical_altar_hall,
          serial_shops, shop, nicolae_shop_pleasant_corner_grove,
          nicolae_shop_waterfront, nicolae_shop_gaudy_bauble, minmay_lizard_pond
D:2:      layout_loops_ring, grunt_ministairs_1, kennysheep_generic_room_4
D:3:      layout_rooms, uniq_robin, uniq_ijyb, uniq_crazy_yiuf_cottage

Skill      XL: |  1  2  3 |
---------------+----------+-----
Unarmed Combat | 4 5 |  5.9
Fighting       | |  2.4
Dodging        | |  2.4

Action                     |  1- 3 |  4- 6 || total
---------------------------+-------+-------++-------
  Melee: Unarmed           |    94 |    50 ||   144
         Punch             |     1 |       ||     1
    Use: Scroll            |     4 |       ||     4
         Potion            |       |     2 ||     2
 Armour: Animal skin       |    73 |    29 ||   102
  Dodge: Dodged            |    45 |    23 ||    68

Table legend: (Time is in decaauts)
 A = Elapsed time spent in this place.
 B = Non-inter-level travel time spent in this place.
 C = Inter-level travel time spent in this place.
 D = Time resting spent in this place.
 E = Time spent auto-exploring this place.
 F = Levels seen in this place.
 G = Mean time per level.
                   A        B        C        D        E       F      G
               +--------+--------+--------+--------+--------+-----+--------+
         Total |   2115 |   1913 |    202 |      0 |   1553 |   3 |  705.0 |
       Dungeon |   2115 |   1913 |    202 |      0 |   1553 |   3 |  705.0 |
               +--------+--------+--------+--------+--------+-----+--------+

Top non-repeatable levels by time:
     D:2: 921 daAuts
     D:1: 679 daAuts
     D:3: 515 daAuts
